[Event "Early-Titled-Tuesday-Blitz-August-29-2023"]
[Site "Chess.com"]
[Date "2023.08.29"]
[Round "3"]
[White "PeshkaCh"]
[Black "DeArron_Fox"]
[Result "1-0"]
[WhiteElo "2791"]
[BlackElo "2492"]
[TimeControl "180+1"]
[EndTime "8:29:05 PDT"]
[Termination "PeshkaCh won by resignation"]

1. Nf3 d5 2. d4 Nf6 3. c4 e6 4.
Nc3 Be7 5. Bg5 O-O 6. e3 h6 7. Bh4 b6 8. cxd5 Nxd5 9. Bxe7 Qxe7 10. Bd3 Bb7 11. O-O Nd7 12. Rc1 c5 13. Re1 Rfd8 14. a3 cxd4 15. Nxd4 Nc5 16. Nxd5 Rxd5 17. Bf1 e5 18.
Nf5 Qg5 19. Qc2 Rdd8 20. Ng3 Rac8 21. Qe2 g6 22. b4 Ne4 23. Rxc8 Rxc8 24. Nxe4 Bxe4 25.
Qa6 Rc7 26. Qa4 h5 27. Qe8+ Kg7 28. Rd1 h4 29. Rd8 Kf6 30. Qh8+ Ke6 31. Re8+ Re7 32. Rb8 h3 33. Qc8+ Kf6 34. Qxh3 Rc7 35. Qh8+ Ke6 36. Re8+ Re7 37. Rd8 Rd7 38. Qe8+ Qe7 39. Bc4+ Kf6 40. Qxd7 1-0

[Event "Early-Titled-Tuesday-Blitz-August-29-2023"]
[Site "Chess.com"]
[Date "2023.08.29"]
[Round "3"]
[White "GMForgacs"]
[Black "Staudenhocker43"]
[Result "1-0"]
[WhiteElo "2440"]
[BlackElo "2601"]
[TimeControl "180+1"]
[EndTime "8:29:05 PDT"]
[Termination "GMForgacs won by resignation"]

1. e4 c5 2. Nf3 e6 3. d4 cxd4 4. Nxd4 a6 5. c4 Nf6 6. Nc3 Qc7 7. a3 b6 8. Be3 Bb7 9. f3 Bd6 10. Ndb5 axb5 11. Nxb5 Bg3+ 12. hxg3 Qxg3+ 13. Bf2 Qe5 14. Nd6+ Ke7 15. Nxb7 Qc7 16. Nd6 Qxd6 17. Qxd6+ Kxd6 18. Bxb6 Kc6 19. Bd4 d6 20. b4 Nbd7 21. Bd3 Rhb8 22.
Kd2 Kc7 23. Kc3 h6 24. a4 e5 25. Be3 Ng8 26. a5 Ne7 27. b5 Nc5 28. Bxc5 dxc5 29. Bc2 Rd8 30. b6+ Kb7 31. f4 exf4 32. e5 Rd4 33. Rhe1 Nc6 34. Be4 Rc8 35. Bd5 Ka6 36. Bxf7 Nxa5 37. b7 Rb8 38. Bd5 f3 39. gxf3 Rf4 40.
e6 Kb6 41. Reb1+ Kc7 42. Rxa5 Kd6 43. Ra8 Rxb7 44. Rxb7 g5 45. e7 1-0

[Event "Early-Titled-Tuesday-Blitz-August-29-2023"]
[Site "Chess.com"]
[Date "2023.08.29"]
[Round "3"]
[White "Mr_November18"]
[Black "GasconJR"]
[Result "0-1"]
[WhiteElo "1897"]
[BlackElo "2664"]
[TimeControl "180+1"]
[EndTime "8:29:06 PDT"]
[Termination "GasconJR won on time"]

1. e4 e5 2. Nf3 Nc6 3. d4 exd4 4. Bc4 Bc5 5. c3 Nf6 6. e5 d5 7.
Bb5 Ne4 8. cxd4 Bb6 9. h3 O-O 10. O-O f6 11. Nc3 fxe5 12. dxe5 Nxc3 13. bxc3 Ne7 14.
Bg5 c6 15. Bd3 h6 16. Bh4 Qe8 17. Qe2 Nf5 18. Bxf5 Bxf5 19. Bg3 Qg6 20. Nd4 Bd3 21. Qe3 Bxf1 22. Rxf1 c5 23. Nf3 c4 24. Nd4 Qe4 25. Qd2 Bxd4 26. cxd4 Rac8 27. Re1 Qd3 28. Qxd3 cxd3 29.
Rd1 Rc3 30. f4 g6 31. Kf2 Rc2+ 32. Kf3 Rfc8 33. Rxd3 R8c3 34. Rxc3 Rxc3+ 35. Kg4 Kf7 36. Bf2 Ke6 37. Bh4 Ra3 38. Bf6 Rxa2 39. g3 Ra3 40. Bg7 h5+ 41. Kh4 Kf5 0-1

[Event "Early-Titled-Tuesday-Blitz-August-29-2023"]
[Site "Chess.com"]
[Date "2023.08.29"]
[Round "3"]
[White "Durarbayli"]
[Black "SAInt_666"]
[Result "1-0"]
[WhiteElo "2897"]
[BlackElo "2676"]
[TimeControl "180+1"]
[EndTime "8:29:07 PDT"]
[Termination "Durarbayli won by resignation"]

1. e4 c5 2. Nf3 d6 3. d4 cxd4 4.
Nxd4 Nf6 5. Nc3 Nc6 6. f3 e5 7. Nb3 Be6 8. Be3 Be7 9. Qe2 O-O 10. O-O-O Qc8 11. Kb1 a5 12. a3 a4 13. Nc1 b5 14.
Qxb5 Ra5 15. Qd3 Qb7 16. N1a2 Rb8 17. Bc1 d5 18. exd5 Nxd5 19. Ne4 Rb5 20. Qxb5 Qc7 21. Rxd5 Rxb5 22. Rxb5 Nd4 23. Nac3 Nxb5 24. Bxb5 f5 25. Ng5 Bc4 26. Bxa4 h6 27. Nh3 Qa5 28. b4 Qa7 29. Re1 Bf6 30. Bb2 e4 31. Bb3 Bxb3 32. cxb3 e3 33.
Ng1 Qd4 34. Nge2 Qd3+ 35. Ka2 Qc2 36. Rc1 Qd2 37. Rd1 Qc2 38. b5 f4 39. b6 Bxc3 40. Nxc3 Qxd1 41. Nxd1 e2 42. b7 exd1=Q 43. b8=Q+ Kh7 44. Qxf4 Qh1 45. g4 Qd1 46. Qf7 Qd4 1-0

[Event "Early-Titled-Tuesday-Blitz-August-29-2023"]
[Site "Chess.com"]
[Date "2023.08.29"]
[Round "3"]
[White "subham777"]
[Black "cycygogne"]
[Result "0-1"]
[WhiteElo "2526"]
[BlackElo "2249"]
[TimeControl "180+1"]
[EndTime "8:29:07 PDT"]
[Termination "cycygogne won by checkmate"]

1. e4 e5 2. Nf3 Nc6 3. Bc4 Bc5 4. c3 Nf6 5. d3 O-O 6. Nbd2 d6 7. Nf1 d5 8. exd5 Nxd5 9. Ng3 Nb6 10. Bb3 Re8 11. O-O Be6 12. Bc2 f6 13. Be3 Bxe3 14. fxe3 Qd7 15. d4 Nc4 16. Qc1 Bg4 17. Bb3 Na5 18.
Bc2 exd4 19. exd4 Ne3 20. Rf2 c5 21. dxc5 Rad8 22. Nd4 Nc6 23. Bb3+ Kh8 24. Rd2 Nxd4 25. cxd4 f5 26. h3 f4 27. Nf1 Bxh3 28. gxh3 Qxh3 29. Nxe3 Rxe3 30. Rg2 f3 31. Rh2 f2+ 32. Kh1 Qf3+ 33. Rg2 Re1+ 34. Qxe1 fxe1=Q+ 35. Rxe1 Rf8 36. Kg1 Qf4 37. d5 Qd4+ 38. Kh1 Qxc5 39. Reg1 Qe7 40. Rh2 h6 41.
Rhg2 Qe4 42. Kh2 Qh4# 0-1

[Event "Early-Titled-Tuesday-Blitz-August-29-2023"]
[Site "Chess.com"]
[Date "2023.08.29"]
[Round "3"]
[White "Cheer_Down"]
[Black "Veleamater"]
[Result "1-0"]
[WhiteElo "2520"]
[BlackElo "2323"]
[TimeControl "180+1"]
[EndTime "8:29:07 PDT"]
[Termination "Cheer_Down won by resignation"]

1. e4 d6 2. d4 g6 3. Nc3 Bg7 4. Nf3 Nf6 5. Be2 O-O 6. O-O Nc6 7. d5 Ne5 8. Nxe5 dxe5 9. Bc4 Ne8 10. a4 Nd6 11. Bb3 a6 12. a5 h6 13. Be3 Kh7 14.
f3 f5 15. Qd3 f4 16. Bf2 Bf6 17. Na4 Rg8 18. Nc5 g5 19. g4 fxg3 20. hxg3 h5 21. Kg2 h4 22. g4 Kg6 23. Ne6 Bxe6 24. dxe6 Nb5 25. Qc4 h3+ 26. Kxh3 Qd2 27. Kg2 Rh8 28. Qd3 Qb4 29. Ra4 Qd6 30. Qxd6 cxd6 31. c3 Rh7 32. Rb4 Rah8 33. Bg3 Rc8 34. Bc4 Rc5 35. Bxb5 Rxb5 36. Rxb5 axb5 37. Ra1 Rh8 38. a6 bxa6 39. Rxa6 b4 40.
cxb4 Rb8 41. Ra4 Rc8 42. b5 Rc2+ 43. Bf2 Rxb2 44. b6 d5 45. exd5 e4 46. Rxe4 Bc3 47.
Kf1 Kf6 48. Re2 Rb1+ 49. Kg2 Rb5 50. d6 Re5 51. Rxe5 Bxe5 52. d7 1-0

[Event "Early-Titled-Tuesday-Blitz-August-29-2023"]
[Site "Chess.com"]
[Date "2023.08.29"]
[Round "3"]
[White "DenLaz"]
[Black "Kirill_Klukin"]
[Result "1-0"]
[WhiteElo "3052"]
[BlackElo "2801"]
[TimeControl "180+1"]
[EndTime "8:29:08 PDT"]
[Termination "DenLaz won by resignation"]

1. d4 d5 2. c4 c6 3. Nf3 e6 4. e3 f5 5. Be2 Nf6 6. O-O Bd6 7. b3 Qe7 8. a4 O-O 9. Ba3 a5 10. Bxd6 Qxd6 11. Nbd2 b6 12. Ne5 Bb7 13. Ndf3 Na6 14. Qc2 Rac8 15. Rfd1 Rfd8 16. Qb2 Ne4 17. Rac1 Nb4 18.
h3 h6 19. Nd3 c5 20. cxd5 Bxd5 21. Nf4 cxd4 22. Nxd4 Rxc1 23. Rxc1 Nc5 24. Nxd5 Qxd5 25.
Bc4 Qe5 26. Qe2 Kh7 27. Rd1 Qf6 28. g3 Ne4 29. Qf1 Nc5 30. h4 e5 31. Nb5 e4 32.
Rxd8 Qxd8 33. Nd4 Qf6 34. Qh3 g6 35. h5 Nbd3 36. hxg6+ Kxg6 37. Bb5 Qf8 38. Kg2 Ne5 39. Be2 Qf6 40. Bh5+ Kh7 41. Bd1 Kg6 42. Qh5+ Kh7 43. Qxf5+ Qxf5 44. Nxf5 Nxb3 45. Bxb3 1-0

[Event "Early-Titled-Tuesday-Blitz-August-29-2023"]
[Site "Chess.com"]
[Date "2023.08.29"]
[Round "3"]
[White "GroovyKettle"]
[Black "Arek_pacitan"]
[Result "1-0"]
[WhiteElo "2904"]
[BlackElo "2620"]
[TimeControl "180+1"]
[EndTime "8:29:08 PDT"]
[Termination "GroovyKettle won by resignation"]

1. c4 Nf6 2. g3 e6 3. Bg2 d5 4. Nf3 Be7 5. O-O O-O 6. b3 b6 7.
Bb2 Bb7 8. d4 Nbd7 9. Nc3 c5 10.
dxc5 Nxc5 11. Ne5 Qb8 12. Nd3 dxc4 13. Bxb7 Qxb7 14. Nxc5 bxc5 15. Na4 cxb3 16. axb3 Rfd8 17. Qc2 Rac8 18. Rfd1 h6 19. Rxd8+ Bxd8 20. Nxc5 Qb5 21. Rc1 Be7 22. Bd4 Nd7 23. Qd3 Rxc5 24. Rxc5 Qb7 25. Rc2 Nf6 26. Bxf6 Bxf6 27. Qc4 Kh7 28. Qd3+ g6 29.
Qf3 Qe7 30. Ra2 Kg7 31. Qe3 h5 32. Rxa7 Qd8 33. Ra4 h4 34. Kg2 Qd5+ 35. Qf3 Qd7 36. Rf4 Bg5 37. Rg4 Bf6 38. gxh4 Qb5 39. Rf4 Be5 40.
Rxf7+ Kh6 41. Qe3+ 1-0

[Event "Early-Titled-Tuesday-Blitz-August-29-2023"]
[Site "Chess.com"]
[Date "2023.08.29"]
[Round "3"]
[White "InitiatingASC"]
[Black "Andrei_Skvortsov"]
[Result "0-1"]
[WhiteElo "2341"]
[BlackElo "2687"]
[TimeControl "180+1"]
[EndTime "8:29:09 PDT"]
[Termination "Andrei_Skvortsov won by resignation"]

1. e4 c6 2. Nf3 d5 3. exd5 Qxd5 4. Nc3 Qa5 5. d4 Nf6 6. Bc4 Bf5 7. Bd2 Qc7 8. O-O b5 9. Bb3 b4 10. Ne2 e6 11.
Ng3 Bg6 12. Ne5 Bd6 13. Nxg6 hxg6 14. Re1 Nbd7 15. Qf3 Nb6 16. Bg5 O-O-O 17. Bxf6 gxf6 18. Qxf6 a5 19. c3 a4 20. Bc2 Nd5 21. Qf3 Nb6 22. Be4 Kb7 23. c4 Nxc4 24. Rac1 Na5 25. d5 exd5 26.
Bxd5 Bxg3 27. Bxc6+ Nxc6 28. hxg3 Rh5 29. Rc4 Rb5 30. Rec1 Rd6 31. Qe4 Rb6 32. Rc5 Qd7 33. Qc4 Rd1+ 34. Kh2 Rxc1 35. Qxc1 Nd4 36. Qf4 f5 37.
Qe5 Ne6 38. Rd5 Qc7 39. Qh8 f4 40. Qe8 fxg3+ 41. fxg3 Nc5 42. Re5 Rd6 43. Qb5+ Rb6 44. Qxc5 Qxc5 45. Rxc5 Ka6 46. Kh3 Rd6 47. Rc4 Kb5 48.
Rc2 Rd4 49. g4 g5 50. Rf2 Kc4 51. Kg3 Rd3+ 52. Rf3 Rd2 53. Rf2 Rxf2 54. Kxf2 Kd3 55. b3 axb3 56. axb3 Kc3 57. Kf3 Kxb3 58. Ke4 Kc3 59.
Kf5 b3 60. Kxg5 b2 61. Kh6 b1=Q 62. g5 Qh1+ 63. Kg7 Qxg2 64. g6 Qg5 65. Kf7 Qf5+ 66. Kg7 Kd4 67. Kh6 Qh3+ 68. Kg7 Ke5 69. Kf8 Kf6 70. g7 0-1

[Event "Early-Titled-Tuesday-Blitz-August-29-2023"]
[Site "Chess.com"]
[Date "2023.08.29"]
[Round "3"]
[White "imdvb6307"]
[Black "leopato"]
[Result "0-1"]
[WhiteElo "2391"]
[BlackElo "2143"]
[TimeControl "180+1"]
[EndTime "8:29:10 PDT"]
[Termination "leopato won on time"]

1. c4 e5 2. Nc3 Nf6 3. Nf3 Nc6 4. e3 Bb4 5. Qc2 O-O 6. Nd5 d6 7. a3 Ba5 8. b4 Bb6 9. Nxb6 axb6 10. Bb2 Re8 11.
b5 Na5 12. d4 exd4 13. Nxd4 c5 14. bxc6 bxc6 15. Bd3 d5 16. c5 bxc5 17. Qxc5 Rb8 18. Qc3 c5 19. Ne2 d4 20. exd4 cxd4 21. Qxd4 Rxb2 22.
Qxb2 Qxd3 23. Rd1 Qe4 24. f3 Qe3 25. Rf1 Ba6 26. Rf2 Nc4 27. Qc1 Qe5 28. Rd3 Ne3 29. Rc3 Nxg2+ 30. Rxg2 Bxe2 31. Kf2 Bxf3 32. Rxf3 Qe2+ 33.
Kg3 Nh5+ 34. Kh4 Qxf3 35. Rg4 Qf2+ 36. Kxh5 g6+ 37. Kg5 f6+ 0-1

[Event "Early-Titled-Tuesday-Blitz-August-29-2023"]
[Site "Chess.com"]
[Date "2023.08.29"]
[Round "3"]
[White "SchmakAttack"]
[Black "Firouzja2003"]
[Result "0-1"]
[WhiteElo "2807"]
[BlackElo "3075"]
[TimeControl "180+1"]
[EndTime "8:29:11 PDT"]
[Termination "Firouzja2003 won on time"]

1. e4 c5 2. Nf3 d6 3. d4 cxd4 4. Nxd4 Nf6 5. Nc3 a6 6. Bg5 e6 7. f4 Qb6 8. Qd2 Nc6 9. Bxf6 gxf6 10. Nb3 Bd7 11. O-O-O O-O-O 12. Kb1 Kb8 13. Be2 h5 14. Rhf1 Rc8 15. a3 Be7 16. Rf3 h4 17. Qe1 Na5 18.
Nd5 exd5 19. Nxa5 Ba4 20. Bd3 Bd8 21. Nb3 dxe4 22. Qxe4 Bc6 23. Qe2 Re8 24. Qf1 Bxf3 25. Qxf3 Qc6 26. Qh3 d5 27. Qxh4 Bb6 28. Qg4 a5 29.
Nd2 Re3 30. Qf5 a4 31. Nf3 Qe6 32. h4 Rg8 33. Rd2 d4 34. Qxe6 fxe6 35. h5 e5 36. fxe5 fxe5 37. Bg6 Ba5 38. Rd1 Re2 39. Nh4 e4 40. h6 d3 41. cxd3 e3 42. h7 Rh8 43.
Be4 Rf2 44. Nf5 e2 45. Rc1 Rf1 0-1

[Event "Early-Titled-Tuesday-Blitz-August-29-2023"]
[Site "Chess.com"]
[Date "2023.08.29"]
[Round "3"]
[White "FontVella8"]
[Black "pedromartinez91"]
[Result "1/2-1/2"]
[WhiteElo "2645"]
[BlackElo "2452"]
[TimeControl "180+1"]
[EndTime "8:29:13 PDT"]
[Termination "Game drawn by repetition"]

1. e4 e6 2. d4 d5 3. Nc3 Nf6 4. e5 Ne4 5. Nxe4 dxe4 6. f3 c5 7.
c3 cxd4 8. Qxd4 Qxd4 9. cxd4 Nc6 10. Bb5 Bd7 11. Bxc6 Bxc6 12. Be3 Bb4+ 13. Kf2 O-O 14. Rc1 f6 15. a3 Be7 16. exf6 Bxf6 17. f4 Rad8 18.
Ne2 e5 19. dxe5 Bxe5 20. Rc2 Rd3 21. g3 Rb3 22. Rb1 Bf6 23. Nc1 Rb5 24. b4 Rd8 25. a4 Rbd5 26. b5 Be8 27. Ne2 Bh5 28.
Nc3 Rd3 29. Nxe4 Re8 30. Nxf6+ gxf6 31. Re1 Bg6 32. Rc7 Be4 33. Bc5 f5 34. Be3 Ra3 35.
h3 Rxa4 36. g4 Rf8 37. g5 Rf7 38. Rxf7 Kxf7 39. Rc1 Ke6 40. Rc7 Ra2+ 41. Kg3 Ra3 42. Kf2 Ra2+ 43. Kg3 Ra3 44. Kf2 Ra2+ 1/2-1/2

[Event "Early-Titled-Tuesday-Blitz-August-29-2023"]
[Site "Chess.com"]
[Date "2023.08.29"]
[Round "3"]
[White "Murad_Ibrahimli"]
[Black "Vanina1989"]
[Result "0-1"]
[WhiteElo "2888"]
[BlackElo "2703"]
[TimeControl "180+1"]
[EndTime "8:29:14 PDT"]
[Termination "Vanina1989 won by resignation"]

1. d4 d5 2. c4 c6 3. Nf3 Nf6 4. Nbd2 Bf5 5. e3 e6 6. Be2 h6 7.
O-O Nbd7 8. b3 Bd6 9. Bb2 O-O 10. Ne5 Qe7 11. a3 Rfd8 12. b4 Bc7 13. Ndf3 Nxe5 14. dxe5 Ne4 15. Qc1 dxc4 16. Bxc4 Bg4 17.
Nd4 Bxe5 18. Qc2 Bxd4 19. Bxd4 Bf5 20. Qb2 e5 21. Bc3 Nxc3 22. Qxc3 Rd6 23. Rfd1 Rad8 24. Rxd6 Qxd6 25. h3 Be4 26. Bf1 f6 27. a4 a6 28.
b5 axb5 29. axb5 cxb5 30. Bxb5 Kh7 31. Bf1 Qc6 32. Qb4 Bf5 33. Be2 b6 34. Bf3 Qc5 35. Qb2 Rc8 36. g4 Bg6 37. h4 b5 38. h5 Bd3 39. Rd1 e4 40. Bg2 b4 41. Qa1 Qg5 42. Qa6 Qxg4 43. Rxd3 Rc1+ 0-1

[Event "Early-Titled-Tuesday-Blitz-August-29-2023"]
[Site "Chess.com"]
[Date "2023.08.29"]
[Round "3"]
[White "KrokerGuy"]
[Black "Zurability"]
[Result "1-0"]
[WhiteElo "2494"]
[BlackElo "2701"]
[TimeControl "180+1"]
[EndTime "8:29:14 PDT"]
[Termination "KrokerGuy won by resignation"]

1. e4 g6 2. d4 Bg7 3. Nc3 d6 4. Be3 a6 5. Nf3 b5 6. Qd2 Bb7 7. Bd3 Nd7 8. Ne2 Ngf6 9. Ng3 c5 10. c3 cxd4 11. cxd4 Ng4 12. Bf4 e5 13. Bg5 f6 14.
Bh4 O-O 15. Ne2 Nh6 16. O-O Nf7 17. Rfd1 Qe7 18. dxe5 dxe5 19. Nc3 Nc5 20. Bc2 Rfd8 21. Qe2 Ne6 22. Bb3 Nf4 23. Qe3 Kf8 24. Bg3 Bh6 25. Bxf4 exf4 26. Qb6 Kg7 27. Nd5 Bxd5 28. Bxd5 Rab8 29.
Qxa6 Rd6 30. Qa3 Rbd8 31. Nd4 Qd7 32. Qb3 Ng5 33. h4 Nxe4 34. Ne6+ Rxe6 35. Bxe6 Qe7 36.
Rxd8 Qxd8 37. Qxb5 f3 38. Qb7+ Kh8 39. Qxe4 fxg2 40. Qxg2 Qd6 41. Re1 Bf4 42. Bb3 Be5 43.
Qa8+ Kg7 44. Qd5 Kh6 45. Qxd6 Bxd6 46. a4 Bb4 47. Re4 1-0

[Event "Early-Titled-Tuesday-Blitz-August-29-2023"]
[Site "Chess.com"]
[Date "2023.08.29"]
[Round "3"]
[White "DanielNaroditsky"]
[Black "ShiroglanTalibov"]
[Result "1-0"]
[WhiteElo "3157"]
[BlackElo "2812"]
[TimeControl "180+1"]
[EndTime "8:29:15 PDT"]
[Termination "DanielNaroditsky won by resignation"]

1. d4 Nf6 2. Nc3 e6 3. Bf4 Bb4 4. e3 c5 5. dxc5 Qa5 6. Ne2 Nd5 7. Be5 f6 8. Bd4 Nc6 9. a3 Nxd4 10. Qxd4 Bxc5 11.
Qd2 Nxc3 12. Nxc3 O-O 13. Rd1 Qd8 14. Ne4 Be7 15. Nd6 b6 16. Be2 Qc7 17. O-O Rd8 18.
c4 Bb7 19. Nxb7 Qxb7 20. Bf3 d5 21. cxd5 Rd6 22. dxe6 Rxd2 23. Bxb7 Rad8 24. Rxd2 Rxd2 25. Rc1 g6 26. b4 f5 27. g3 Kg7 28. Rc7 Kf6 29.
Bc8 a5 30. bxa5 bxa5 31. a4 Ra2 32. Bd7 h5 33. h4 Rd2 34. Be8 Rd5 35. Bxg6 Bd6 36.
e7 Re5 37. e8=Q Rxe8 38. Bxe8 Bxc7 39. Bxh5 Bd6 40. Kg2 Ke5 41. Bg6 Kf6 42. Be8 Bc7 43. Bb5 Ke5 44. Bd3 Bb8 45. Kf3 Bc7 46. g4 1-0

[Event "Early-Titled-Tuesday-Blitz-August-29-2023"]
[Site "Chess.com"]
[Date "2023.08.29"]
[Round "3"]
[White "isaak2009"]
[Black "xamax2000"]
[Result "0-1"]
[WhiteElo "2552"]
[BlackElo "2859"]
[TimeControl "180+1"]
[EndTime "8:29:15 PDT"]
[Termination "xamax2000 won by checkmate"]

1. d4 Nf6 2. c4 e6 3. Nc3 d5 4. cxd5 exd5 5. Bg5 c6 6. e3 Bd6 7. Qc2 O-O 8. Bd3 h6 9. Bh4 Re8 10. Nge2 a5 11. a3 Na6 12. Bg3 Bf8 13. O-O Nc7 14.
Rad1 Bd7 15. Kh1 Rc8 16. Qc1 Ne6 17. f3 c5 18. Bh4 cxd4 19. exd4 Be7 20. Qb1 Kh8 21.
Bxf6 Bxf6 22. Nxd5 Bxd4 23. Nxd4 Nxd4 24. Be4 Ne6 25. b4 axb4 26. axb4 Bb5 27. Rfe1 Qh4 28. Bf5 Rcd8 29. Bxe6 Rxe6 30. Nc7 Rxe1+ 31. Rxe1 Bc4 32. h3 Qf4 33. Ne8 Rd2 34. Qe4 Qg3 35. Rg1 Be6 36. Qe3 Rb2 37. Qd4 Rc2 38. Qd8 Rc8 39. Qe7 Bxh3 40. Nd6 Bxg2+ 41. Rxg2 Rc1+ 42. Rg1 Rxg1# 0-1

[Event "Early-Titled-Tuesday-Blitz-August-29-2023"]
[Site "Chess.com"]
[Date "2023.08.29"]
[Round "3"]
[White "Carlitus2004"]
[Black "Chessmissile07"]
[Result "1-0"]
[WhiteElo "2521"]
[BlackElo "2830"]
[TimeControl "180+1"]
[EndTime "8:29:16 PDT"]
[Termination "Carlitus2004 won by checkmate"]

1. e4 c5 2. Nc3 e6 3. d4 cxd4 4. Qxd4 Nc6 5. Qd3 Nf6 6. Bf4 Bb4 7. Ne2 d5 8. a3 Ba5 9. O-O-O O-O 10. exd5 exd5 11.
Nxd5 Be6 12. Nec3 Bxc3 13. Nxc3 Qb6 14. Be3 Qa5 15. Qb5 Qc7 16. Be2 Rad8 17. h3 Ne7 18. Bxa7 Ned5 19. Nxd5 Nxd5 20. Bf3 Bf5 21. Qb3 Qf4+ 22.
Kb1 Rc8 23. Qxd5 Bxc2+ 24. Ka2 Bxd1 25. Rxd1 Qa4 26. Bc5 Rfe8 27. Bb4 Ra8 28. Bc3 Rec8 29. Bg4 Re8 30. Bd7 Qf4 31. Bxe8 Rxe8 32. Qd4 Qg5 33. h4 Qg6 34. h5 Qe6+ 35. Ka1 f6 36.
h6 Qb3 37. hxg7 h5 38. Rh1 Qb5 39. Qxf6 Qd5 40. Qh6 Qxg2 41. Re1 Rxe1+ 42. Bxe1 Qe4 43.
Qh8+ Kf7 44. g8=Q+ Ke7 45. Bb4+ Kd7 46. Qc8# 1-0

[Event "Early-Titled-Tuesday-Blitz-August-29-2023"]
[Site "Chess.com"]
[Date "2023.08.29"]
[Round "3"]
[White "Itk04"]
[Black "queen_iryna"]
[Result "1-0"]
[WhiteElo "2661"]
[BlackElo "2340"]
[TimeControl "180+1"]
[EndTime "8:29:16 PDT"]
[Termination "Itk04 won by resignation"]

1. d4 d6 2. Nf3 g6 3. c4 Bg7 4. Nc3 Nc6 5. d5 Ne5 6. Nxe5 Bxe5 7. g3 Nf6 8. Bg2 Bd7 9. O-O c5 10. e3 h5 11. Ne2 Ng4 12. h3 Nh6 13. f4 Bg7 14. e4 b5 15. Bd2 bxc4 16. Bc3 O-O 17. Qc2 e6 18. Bxg7 Kxg7 19. Nc3 Rb8 20. Rf2 Qb6 21. Rd1 Ng8 22. Qd2 Nf6 23. dxe6 Bxe6 24.
f5 Bc8 25. Qxd6 Bb7 26. e5 Qxd6 27. Rxd6 Ne8 28. f6+ Kg8 29. Rd7 Bxg2 30. Kxg2 Rc8 31. Nd5 Ra8 32. g4 Kh7 33. g5 Rc8 34. h4 Rc6 35.
Kf3 Ra6 36. a3 c3 37. Nxc3 Re6 38. Kf4 Rc6 39. Nd5 c4 40. Rc2 a5 41. b3 c3 42.
Rxc3 Rxc3 43. Nxc3 Kh8 44. Nd5 Kh7 45. b4 axb4 46.
axb4 Kh8 47. b5 1-0

[Event "Early-Titled-Tuesday-Blitz-August-29-2023"]
[Site "Chess.com"]
[Date "2023.08.29"]
[Round "3"]
[White "smilingice"]
[Black "Sunny_Star"]
[Result "1-0"]
[WhiteElo "2379"]
[BlackElo "2075"]
[TimeControl "180+1"]
[EndTime "8:29:17 PDT"]
[Termination "smilingice won on time"]

1. e4 c5 2. Nf3 Nc6 3. Bb5 g6 4. Bxc6 bxc6 5. O-O Bg7 6. Re1 e5 7. c3 Ne7 8. d4 cxd4 9. cxd4 exd4 10. Nxd4 O-O 11. Nc3 Bb7 12. Bg5 Re8 13. Qd2 Qa5 14.
h4 Qe5 15. Nf3 Qc5 16. Rac1 Qb6 17. e5 Nd5 18. Ne4 Rab8 19. Nd6 Rf8 20. h5 Ba6 21. Re4 Qxb2 22. Rc2 Qb1+ 23. Re1 Qb4 24. Qd1 Rb6 25. Nd4 Qa5 26. Bd2 Qa4 27. N4f5 Bb5 28. Nxg7 Kxg7 29. Qc1 Qa6 30. Bh6+ Kg8 31. Bxf8 Kxf8 32. Qh6+ Kg8 33. hxg6 hxg6 34. Ne4 1-0

[Event "Early-Titled-Tuesday-Blitz-August-29-2023"]
[Site "Chess.com"]
[Date "2023.08.29"]
[Round "3"]
[White "KChor05TTV"]
[Black "alexrustemov"]
[Result "1-0"]
[WhiteElo "2600"]
[BlackElo "2854"]
[TimeControl "180+1"]
[EndTime "8:29:18 PDT"]
[Termination "KChor05TTV won by checkmate"]

1. e4 e6 2. d4 d5 3. Nd2 dxe4 4. Nxe4 Bd7 5. Nf3 Bc6 6. Bd3 Nd7 7. O-O Ngf6 8. Qe2 Nxe4 9. Bxe4 Bxe4 10. Qxe4 c6 11. c3 Be7 12. h3 O-O 13. Bf4 Qa5 14. b4 Qd5 15. Qe2 b5 16. Nd2 a5 17. a3 Ra6 18.
Ne4 Rfa8 19. Rab1 axb4 20. axb4 Ra2 21. Qe3 Nb6 22. Nc5 Qf5 23. Qg3 Nd5 24. Be5 Qg6 25. Qf3 R8a3 26. Rbc1 Bg5 27. Rce1 Rxc3 28. Qe4 Be7 29. Ra1 Rcc2 30. Qf3 h6 31. Rxa2 Rxa2 32. Nd3 Ra3 33. Rd1 Nxb4 34. Nf4 Qc2 35. Qxa3 Qxd1+ 36. Kh2 Nd5 37. Qa8+ Kh7 38. Qe8 Nxf4 39. Qxf7 Nh5 40.
Qxe7 Qc2 41. Kg1 Qg6 42. g4 Nf6 43. Qxe6 Nd5 44. Qd7 b4 45. h4 b3 46. h5 Qc2 47.
Qxg7# 1-0

[Event "Early-Titled-Tuesday-Blitz-August-29-2023"]
[Site "Chess.com"]
[Date "2023.08.29"]
[Round "3"]
[White "baki83"]
[Black "GM4life"]
[Result "1-0"]
[WhiteElo "2833"]
[BlackElo "2516"]
[TimeControl "180+1"]
[EndTime "8:29:18 PDT"]
[Termination "baki83 won by resignation"]

1. e4 c5 2. Nf3 d6 3. Bb5+ Nd7 4. O-O a6 5. Bxd7+ Bxd7 6. c3 Nf6 7. Re1 e6 8. d4 Be7 9. e5 dxe5 10. dxe5 Nd5 11. c4 Nb4 12. a3 Nc6 13. Nc3 O-O 14.
h4 Be8 15. Bg5 h6 16. Be3 b6 17. Qc2 Qc7 18. Qe4 Rd8 19. Qg4 Kh8 20. Bf4 Nd4 21. Rad1 Nxf3+ 22. Qxf3 Bc6 23. Qe3 Rxd1 24. Rxd1 Rd8 25.
Rxd8+ Qxd8 26. h5 Qd4 27. Qxd4 cxd4 28. Ne2 d3 29. Nc1 Be4 30. f3 Bh7 31. Nb3 Kg8 32.
Kf2 Kf8 33. Be3 Bd8 34. Ke1 b5 35. cxb5 axb5 36. Kd2 Bc7 37. Bd4 Ke7 38. Nc1 f6 39. Nxd3 Bxd3 40. Kxd3 fxe5 41. Be3 Kf6 42. Ke4 Bd6 43. Bd2 Bc7 44. g4 Bd6 45. Bc3 Bc7 46.
f4 Ke7 47. Bxe5 1-0

[Event "Early-Titled-Tuesday-Blitz-August-29-2023"]
[Site "Chess.com"]
[Date "2023.08.29"]
[Round "3"]
[White "Iskusnyh"]
[Black "FREDERICKtheMATE"]
[Result "0-1"]
[WhiteElo "2623"]
[BlackElo "2455"]
[TimeControl "180+1"]
[EndTime "8:29:20 PDT"]
[Termination "FREDERICKtheMATE won on time"]

1. d4 c5 2. d5 g6 3. e4 Bg7 4. Nf3 e6 5. Be2 exd5 6. exd5 d6 7. O-O Ne7 8. Nc3 O-O 9. Bf4 Nf5 10. Qd2 a6 11. a4 Re8 12. Rfe1 Nd7 13. Bf1 Nf6 14. h3 h5 15. Bg5 Bd7 16. Bd3 Qc7 17.
Nh4 Nd4 18. Ne2 Nxe2+ 19. Rxe2 c4 20. Rxe8+ Rxe8 21. Bf1 Ne4 22. Qc1 Nxg5 23. Qxg5 Bxb2 24. Rb1 Bg7 25. a5 Re5 26. Qd2 Bb5 27. Nf3 Re4 28. Re1 Rxe1 29. Qxe1 Bf6 30. g4 hxg4 31. hxg4 Qe7 32.
Qd1 Qe4 33. Ne1 Bc3 34. Ng2 Bxa5 35. Ne3 Bb6 36. Bg2 Qf4 37. Qd2 Bxe3 38. fxe3 Qxg4 39. Qf2 Qg5 40. e4 c3 41. Qb6 Qe5 42. Qxb7 Kg7 43.
Qc7 Ba4 44. Qa5 Bxc2 45. Qxa6 Bxe4 46. Bxe4 Qxe4 47. Qxd6 Qd4+ 48. Kg2 c2 49. Qc7 Qd2+ 50. Kf3 c1=Q 51. Qe5+ Kh7 52. Qh2+ Qxh2 0-1

[Event "Early-Titled-Tuesday-Blitz-August-29-2023"]
[Site "Chess.com"]
[Date "2023.08.29"]
[Round "3"]
[White "Maus7"]
[Black "GAusal"]
[Result "1-0"]
[WhiteElo "2518"]
[BlackElo "2316"]
[TimeControl "180+1"]
[EndTime "8:29:20 PDT"]
[Termination "Maus7 won by checkmate"]

1. e4 g6 2. d4 Bg7 3. Nc3 e5 4. dxe5 Bxe5 5. Nf3 Bxc3+ 6. bxc3 d6 7. h4 Nf6 8. Bh6 Qe7 9. Bd3 Nc6 10. Rb1 Nxe4 11. O-O Nxc3 12. Qc1 Nxb1 13. Qxb1 f6 14. Bb5 Kf7 15. Bxc6 bxc6 16. Re1 Qd8 17. Qb3+ d5 18. Qc3 Bf5 19. Ng5+ Kg8 20. Qxc6 fxg5 21. Re7 Qxe7 22. Qxa8+ Kf7 23. Qxh8 gxh4 24. Qxh7+ Ke6 25. Qg8+ Qf7 26. Qc8+ Qd7 27. Qa6+ Qd6 28. Qxa7 Bxc2 29. Qe3+ Kd7 30. Qh3+ Bf5 31. Qxh4 c5 32. Qa4+ Qc6 33. Qa3 Kd6 34. Bf4+ Ke6 35. Qe3+ Kf7 36. Qe5 Qe6 37. Qc7+ Qe7 38.
Qc6 d4 39. Qd5+ Be6 40. Qf3 Bf5 41. g4 Qe1+ 42. Kh2 Be4 43. Qb3+ Kg7 44. Be5+ Kh6 45.
Qh3+ Kg5 46. f4# 1-0